 Dungeon Crawl Stone Soup version 0.29-a0-416-g83a48905f1 (webtiles) character file.

Game seed: 11881244093948508021

277 Parzival711 the Shield-Bearer (level 6, 0/53 HPs)
             Began as a Hill Orc Fighter on May 16, 2022.
             Slain by Duvessa
             ... wielding a +0 rapier
              (14 damage)
             ... on level 4 of the Dungeon.
             The game lasted 00:06:47 (3504 turns).

Parzival711 the Shield-Bearer (Hill Orc Fighter)    Turns: 3504, Time: 00:06:48

Health: 0/53       AC:  8    Str: 21    XL:     6   Next: 26%
Magic:  5/5        EV:  9    Int:  8    God:
Gold:   9          SH:  9    Dex: 10    Spells: 5/5 levels left

rFire   . . .      SeeInvis +   a - +1 war axe
rCold   . . .      Faith    .   c - +0 buckler
rNeg    . . .      Spirit   .   b - +0 scale mail
rPois   .          Reflect  +   (no helmet)
rElec   .          Harm     .   h - +0 cloak
rCorr   .          Rampage  .   (no gloves)
Will    .....      Clarity  +   (no boots)
Stlth   .......... Rnd*Tele +   f - amulet of reflection
HPRegen 0.17/turn               e - ring of see invisible
MPRegen 0.09/turn               (no ring)

@: no status effects
A: clarity, low MP 1, teleportitis 1
a: no special abilities


You were on level 4 of the Dungeon.
You visited 1 branch of the dungeon, and saw 4 of its levels.

You collected 173 gold pieces.
You spent 164 gold pieces at shops.

Inventory:

Hand Weapons
 a - a +1 war axe (weapon)
Armour
 b - a +0 scale mail (worn)
 c - a +0 buckler (worn)
 h - a +0 cloak (worn)
Jewellery
 e - a ring of see invisible (left hand)
 f - an amulet of reflection (around neck)
Wands
 q - a wand of iceblast (5)
Scrolls
 m - a scroll of magic mapping
 n - 2 scrolls of enchant armour
 o - a scroll of brand weapon {unknown}
Potions
 d - a potion of might
 g - a potion of curing
 i - 4 potions of brilliance
 j - a potion of mutation
 k - a potion of heal wounds
 l - a potion of attraction
 p - a potion of flight {unknown}


   Skills:
 + Level 4.4 Fighting
 + Level 4.7 Axes
 + Level 4.2 Armour
 + Level 1.7 Dodging
 + Level 0.1 Stealth
 + Level 4.9 Shields


You had 5 spell levels left.
You didn't know any spells.
Your spell library contained the following spells:

 Spells                   Type           Power      Damage    Failure   Level
 Blink                    Tloc           0%         N/A       92%         2
 Static Discharge         Conj/Air       0%         N/A       92%         2
 Lesser Beckoning         Tloc           0%         N/A       99%         3
 Lightning Bolt           Conj/Air       0%         1d11      100%        5
 Manifold Assault         Tloc           0%         N/A       100%        5
 Maxwell's Capacitive Co  Air            0%         ∞         100%        8


Dungeon Overview and Level Annotations

Branches:
Dungeon (4/15)
 Temple: D:4-7

Altars:

Shops:
D:2 [   D:4 *?

Annotations:
D:4 Duvessa, Sigmund


Innate Abilities, Weirdness & Mutations

You possess an exceptional clarity of mind.
Your magical capacity is low. (-10% MP)
You are occasionally teleported next to monsters.


Message History

The iceblast engulfs Duvessa!
Duvessa is heavily wounded.
Dowan casts a spell at Duvessa.
Duvessa seems to speed up.
You hit Duvessa.
Duvessa is heavily wounded.
Duvessa hits you with a +0 rapier.
You slash Dowan!
Dowan is severely wounded.
You hit Duvessa but do no damage. You block Dowan's attack.
Duvessa hits you but does no damage. Dowan gestures at you while chanting.
The puff of flame hits you. You block Duvessa's attack.
You slash Dowan!
You kill Dowan!
Duvessa screams, "No!
How DARE you!"
Duvessa goes berserk!
You barely miss Duvessa. Duvessa hits you with a +0 rapier.
Duvessa hits you but does no damage. Duvessa barely misses you.
There is an open door here.
Things that are here:
a +0 dagger; a +1 robe of willpower; the elf corpse of Dowan Duvessa attacks as you move away!
Duvessa hits you with a +0 rapier!
You closely miss Duvessa.
Duvessa is moderately wounded.
Duvessa hits you with a +0 rapier! Duvessa closely misses you.
You closely miss Duvessa.
Duvessa is moderately wounded.
You block Duvessa's attack. x2
You hit Duvessa.
Duvessa is heavily wounded.
You block Duvessa's attack. Duvessa barely misses you.
You closely miss Duvessa.
Duvessa is heavily wounded.
Duvessa closely misses you. Duvessa hits you with a +0 rapier.
* * * LOW HITPOINT WARNING * * *
You barely miss Duvessa.
Duvessa is heavily wounded.
You block Duvessa's attack. Duvessa hits you with a +0 rapier!
You die...

#########.# ###.......#.#######
#..................#
#.##..........####.#
#.#............# #.#
#.#...........## #.#######
####..........#.## #.......#
#.............#.# #######.#
#.#...≈..######@# #.# ##.......##
##e## #.# #....∩...# ##...## #.#
#........# ##.....## ######.####
#..§...≈.# ##.......###.........#
#........###.........##.#.....#.#
#..........+.........÷...........
#####...####.........##.#.....#.#
#..## ##.......###.##....#.#


You could see Duvessa (berserk, fast).

Vanquished Creatures
  Dowan (D:4)
  2 hounds (D:4)
  A jelly (D:4)
  An iguana (D:3)
  A gnoll (D:4)
  4 adders
  A dart slug (D:2)
  5 orcs (D:4)
  9 ball pythons
  8 bats
  4 endoplasms
  3 giant cockroaches
  4 goblins
  5 hobgoblins
  8 kobolds
  A quokka (D:1)
  2 frilled lizards
  4 rats
64 creatures vanquished.

Vanquished Creatures (collateral kills)
  A ball python (D:2)
  A hobgoblin (D:2)
2 creatures vanquished.

Vanquished Creatures (others)
  2 plants (D:2)
2 creatures vanquished.

Grand Total: 68 creatures vanquished

Notes
Turn   | Place    | Note
-------+----------+-------------------------------------------
     0 | D:1      | Parzival711 the Hill Orc Fighter began the quest for the
                  | Orb.
     0 | D:1      | Reached XP level 1. HP: 19/19 MP: 1/1
    61 | D:1      | Reached XP level 2. HP: 21/27 MP: 2/2
   707 | D:1      | Found a faded altar of an unknown god.
   756 | D:2      | Found Risotis's Armour Shoppe.
   835 | D:2      | Reached XP level 3. HP: 31/33 MP: 3/3
   906 | D:2      | Gained mutation: You are occasionally teleported next to
                  | monsters. [potion of mutation]
   906 | D:2      | Gained mutation: Your magical capacity is low. (-10% MP)
                  | [potion of mutation]
   906 | D:2      | Gained mutation: You possess an exceptional clarity of
                  | mind. [potion of mutation]
  1422 | D:3      | Found a glowing drain.
  1442 | D:3      | Reached skill level 1 in Dodging
  1445 | D:3      | Reached XP level 4. HP: 26/40 MP: 3/3
  2785 | D:4      | Found Oni Ydeitz's Magic Scroll Shop.
  2830 | D:4      | Reached XP level 5. HP: 42/46 MP: 4/4
  3006 | D:4      | Noticed Sigmund
  3042 | D:4      | Bought a scroll of enchant armour for 82 gold pieces
  3042 | D:4      | Bought a scroll of enchant armour for 82 gold pieces
  3264 | D:4      | Reached XP level 6. HP: 38/53 MP: 5/5
  3264 | D:4      | Found Ettouq's Elemental Accessories.
  3469 | D:4      | Noticed Dowan
  3471 | D:4      | Noticed Duvessa
  3497 | D:4      | Killed Dowan
  3504 | D:4      | Slain by Duvessa

Illustrated notes

Levels and vault maps discovered:
D:1:      dpeg_arrival_rhombus, layout_rooms,
          dreamdust_ecumenical_altar_angels_and_demons
D:2:      layout_rooms, serial_shops, nicolae_shop_competitors_out_of_business,
          serial_forest, infiniplex_forest_clump_small,
          infiniplex_forest_clump_small, infiniplex_forest_lined_3,
          infiniplex_forest_zigzag_1, infiniplex_forest_lined_2
D:3:      layout_loops_cross, gup_sewer_entry_glass, dreamdust_princess_corridor
D:4:      layout_loops_corners, serial_shops, shop, nicolae_elemental_shop,
          uniq_sigmund, uniq_duvessa

Skill      XL: |  1  2  3  4  5 |
---------------+----------------+-----
Fighting       | 4 |  4.4
Shields        | 4 |  4.9
Axes           | 3 4 |  4.7
Dodging        | 1 |  1.7
Armour         | 4 |  4.2
Stealth        | |  0.1

Action                   |  1- 3 |  4- 6 || total
-------------------------+-------+-------++-------
Melee: War axe           |    85 |    88 ||   173
Evoke: Wand              |       |     1 ||     1
  Use: Scroll            |     8 |     1 ||     9
       Potion            |     2 |     1 ||     3
Armor: Scale mail        |    65 |    43 ||   108
Dodge: Dodged            |    62 |    43 ||   105
Block: Buckler           |    99 |    61 ||   160
       Reflection        |       |     2 ||     2

Table legend: (Time is in decaauts)
 A = Elapsed time spent in this place.
 B = Non-inter-level travel time spent in this place.
 C = Inter-level travel time spent in this place.
 D = Time resting spent in this place.
 E = Time spent auto-exploring this place.
 F = Levels seen in this place.
 G = Mean time per level.
                   A        B        C        D        E       F      G
               +--------+--------+--------+--------+--------+-----+--------+
         Total |   3551 |   3507 |     44 |    344 |   2259 |   4 |  887.8 |
       Dungeon |   3551 |   3507 |     44 |    344 |   2259 |   4 |  887.8 |
               +--------+--------+--------+--------+--------+-----+--------+

Top non-repeatable levels by time:
     D:3: 1447 daAuts
     D:1: 765 daAuts
     D:4: 718 daAuts
     D:2: 620 daAuts
